 Dungeon Crawl Stone Soup version 0.26.1-11-gd32895ea62 (webtiles) character file.

Game seed: 3162876931889134862

26 Descartes the Magician (level 2, 0/16 HPs)
             Began as a Deep Elf Wanderer on May 30, 2021.
             Slain by a gnoll
             ... wielding a +0 spear
              (3 damage)
             ... on level 1 of the Dungeon.
             The game lasted 00:01:39 (919 turns).

Descartes the Magician (Deep Elf Wanderer)           Turns: 919, Time: 00:01:39

Health: 0/16       AC:  8    Str: 10    XL:     2   Next: 89%
Magic:  8/8        EV:  8    Int: 14    God:
Gold:   61         SH:  0    Dex: 15    Spells: 7/7 levels left

rFire    + + .     SeeInvis .   d - +0 dagger
rCold    x . .     Faith    .   (no shield)
rNeg     . . .     Spirit   .   e - +0 fire dragon scales
rPois    .         Reflect  .   (no helmet)
rElec    .         Harm     .   (no cloak)
rCorr    .         Rampage  .   (no gloves)
Will     .....                  (no boots)
Stlth    +.........             (no amulet)
HPRegen  0.05/turn              (no ring)
MPRegen  0.11/turn              (no ring)

@: no status effects
A: no striking features
a: no special abilities


You were on level 1 of the Dungeon.
You visited 1 branch of the dungeon, and saw 1 of its levels.

You collected 61 gold pieces.

Inventory:

Hand Weapons
 a - a +0 spear
 d - a +0 dagger (weapon)
Missiles
 c - 12 poisoned darts (quivered)
Armour
 b - a +2 leather armour
 e - +0 fire dragon scales (worn)
Scrolls
 f - a scroll of teleportation {unknown}
 g - 2 scrolls of immolation {unknown}
 h - a scroll of identify {unknown}
Potions
 i - a potion of flight {unknown}
 j - a potion of curing {unknown}


   Skills:
 - Level 1.5 Fighting
 + Level 2.0 Short Blades
 - Level 1.0 Throwing
 + Level 2.3 Dodging
 - Level 2.4 Stealth
 - Level 3.0 Spellcasting
 - Level 1.2 Necromancy
 - Level 1.1 Evocations


You had 7 spell levels left.
You didn't know any spells.
Your spell library was empty.

Dungeon Overview and Level Annotations

Branches:
Dungeon (1/15)

Altars:
Nemelex Xobeh


Message History

The gnoll is heavily wounded.
The gnoll hits you with a +0 spear.
* * * LOW HITPOINT WARNING * * *
Your fire dragon scales prevents you from hitting the gnoll.
The gnoll is heavily wounded.
The gnoll closely misses you.
You hit the gnoll.
The gnoll is severely wounded.
The gnoll hits you but does no damage.
You hit the gnoll but do no damage.
The gnoll is severely wounded.
The gnoll barely misses you.
You barely miss the gnoll.
The gnoll is severely wounded.
The gnoll hits you with a +0 spear.
* * * LOW HITPOINT WARNING * * *
You hit the gnoll but do no damage.
The gnoll is severely wounded.
The gnoll hits you with a +0 spear.
You die...

# ##...........#####
#.##...#........#..P.
#......#........#####
##...####.....#
#.............#####
#....##.#.####.....
#.#'#[.....###..#.#
...###.#................
......g@................
.......)†..$......^.....
###........##...........
#.......$......#.#....
#...>.................
#........##..#.###.##.
#......... ..#........
#..#####... .#.###....
.##........


You could see a gnoll.

Vanquished Creatures
  A dart slug (D:1)
  2 leopard geckos (D:1)
  A ball python (D:1)
  3 giant cockroaches (D:1)
  4 hobgoblins (D:1)
  2 jackals (D:1)
  2 kobolds (D:1)
  2 bats (D:1)
  2 frilled lizards (D:1)
19 creatures vanquished.

Notes
Turn   | Place    | Note
-------+----------+-------------------------------------------
     0 | D:1      | Descartes the Deep Elf Wanderer began the quest for the
                  | Orb.
     0 | D:1      | Descartes set off with the following items: a +0 spear, a
                  | +2 leather armour, 12 poisoned darts, a +0 dagger
     0 | D:1      | Reached XP level 1. HP: 12/12 MP: 6/6
   177 | D:1      | Reached skill level 1 in Short Blades
   185 | D:1      | Reached XP level 2. HP: 13/16 MP: 8/8
   221 | D:1      | Found a sparkling altar of Nemelex Xobeh.
   919 | D:1      | Slain by a gnoll

Illustrated notes

Levels and vault maps discovered:
D:1:      dpeg_arrival_rhombus, layout_basic, serial_aquarium,
          aquarium_bridge_square [aquarium_subvault_wall,
          aquarium_subvault_bridge, aquarium_subvault_bridge,
          aquarium_subvault_wall], aquarium_bridge_straight
          [aquarium_subvault_bridge, aquarium_subvault_window,
          aquarium_subvault_bridge, aquarium_subvault_window],
          aquarium_window_2, aquarium_window_corridor_3, aquarium_view_2d,
          aquarium_view_2f, aquarium_balcony_5b, aquarium_pool_five,
          nemelex_xobeh_ov_fountains_minmay

Skill      XL: |  1  2 |
---------------+-------+-----
Short Blades   | 1 2 |  2.0
Dodging        | 2 |  2.3
Fighting       | |  1.5
Throwing       | |  1.0
Stealth        | |  2.4
Spellcasting   | |  3.0
Necromancy     | |  1.2
Evocations     | |  1.1

Action                   || total
-------------------------++-------
Melee: Dagger            ||   144
Armor: Fire dragon scale ||   104
Dodge: Dodged            ||    65
